[Event "Late-Titled-Tuesday-Blitz-May-14-2024"]
[Site "Chess.com"]
[Date "2024.05.14"]
[Round "4"]
[White "Kiborg95"]
[Black "N_Mullodzhanov"]
[Result "1-0"]
[WhiteElo "2900"]
[BlackElo "2596"]
[TimeControl "180+1"]
[EndTime "14:39:14 PDT"]
[Termination "Kiborg95 won by checkmate"]

1. e4 c6 2. d4 d5 3. e5 Bf5 4.
h4 h6 5. g4 Be4 6. f3 Bh7 7.
e6 Qd6 8. exf7+ Kxf7 9. f4 Nf6 10.
Nf3 Nxg4 11. h5 Ke8 12. Nc3 Nd7 13. Ne5 Ngxe5 14. fxe5 Qb4 15. a3 Qb6 16. Bd3 Bg8 17. Qg4 e6 18. Be3 Nxe5 19. Qe2 Nxd3+ 20. cxd3 Kd7 21. Rg1 Re8 22. O-O-O Kc8 23. Rdf1 Qc7 24. Bf4 Qd7 25. Be5 Rh7 26. Qh2 Be7 27. Kb1 Bg5 28. Rf2 Bf7 29. Bf4 Bf6 30. Ne2 Rhh8 31. Be5 Bxe5 32.
Qxe5 g5 33. hxg6 Rhg8 34. Rxf7 Qd8 35. Nf4 Qb6 36. Nxe6 Rxe6 37. Qxe6+ Kb8 38. Qd6+ Ka8 39. Rf8+ Qd8 40. Qxd8# 1-0

[Event "Late-Titled-Tuesday-Blitz-May-14-2024"]
[Site "Chess.com"]
[Date "2024.05.14"]
[Round "4"]
[White "rychessmaster1"]
[Black "rhungaski"]
[Result "1-0"]
[WhiteElo "2750"]
[BlackElo "2540"]
[TimeControl "180+1"]
[EndTime "14:39:15 PDT"]
[Termination "rychessmaster1 won by resignation"]

1. d4 d5 2. c4 Nc6 3. Nc3 Nf6 4. Nf3 dxc4 5. d5 Na5 6. Qa4+ c6 7. dxc6 Nxc6 8. Ne5 Bd7 9. Nxd7 Qxd7 10. g3 Rc8 11. Bg2 e6 12. O-O Nb4 13. Qxa7 Nfd5 14. Nxd5 Nxd5 15.
Rd1 Bc5 16. Qa5 Qc6 17. e4 Nf6 18. Qc3 O-O 19. Be3 Bxe3 20. Qxe3 e5 21. Rd2 Rfd8 22. Rad1 Rxd2 23. Qxd2 h6 24. Qb4 Qc5 25. Qxb7 Ng4 26. Rd2 c3 27. bxc3 Qxc3 28. Qd7 Rb8 29. Rd1 h5 30. h3 Nf6 31. Qd3 Qa3 32. Qxa3 1-0

[Event "Late-Titled-Tuesday-Blitz-May-14-2024"]
[Site "Chess.com"]
[Date "2024.05.14"]
[Round "4"]
[White "ansko1999"]
[Black "micke12a"]
[Result "1-0"]
[WhiteElo "2621"]
[BlackElo "2414"]
[TimeControl "180+1"]
[EndTime "14:39:15 PDT"]
[Termination "ansko1999 won by resignation"]

1. b3 Nf6 2. Bb2 g6 3. e3 Bg7 4. Nf3 c5 5. c4 O-O 6. Be2 b6 7. O-O Bb7 8. Na3 e6 9. Nc2 d5 10. cxd5 exd5 11. d4 Nc6 12. dxc5 bxc5 13. Rc1 Rc8 14.
Ne5 Re8 15. Nxc6 Bxc6 16. Ne1 Qa5 17. Nd3 Bb5 18. Bc3 Qb6 19. Nf4 d4 20. exd4 cxd4 21. Bxb5 Qxb5 22. Qxd4 Nh5 23. Qd5 Rc5 24. Qxc5 Qxc5 25.
Bxg7 Qf5 26. Nxh5 Qxh5 27. Bd4 Qd5 28. Rfd1 a5 29. h3 a4 30. Rc5 Qa8 31. b4 a3 32. Rdc1 Qa4 33. R5c4 g5 34. Bf6 h6 35.
h4 Qa6 36. hxg5 hxg5 37. Bxg5 Kh7 38. Rh4+ Kg7 39. Bh6+ Kg6 40. Be3 Qe6 41. Rh6+ Kf5 42.
Rxe6 Kxe6 43. b5 Rb8 44. b6 1-0

[Event "Late-Titled-Tuesday-Blitz-May-14-2024"]
[Site "Chess.com"]
[Date "2024.05.14"]
[Round "4"]
[White "rionelG"]
[Black "Redzishchess"]
[Result "1-0"]
[WhiteElo "2317"]
[BlackElo "2490"]
[TimeControl "180+1"]
[EndTime "14:39:16 PDT"]
[Termination "rionelG won by resignation"]

1. e4 c5 2. g3 h5 3. h3 h4 4. g4 d5 5. exd5 Qxd5 6. Nf3 Nc6 7. Nc3 Qd6 8. Bg2 e5 9. O-O Nf6 10. Re1 Be7 11. d3 Be6 12. Bg5 O-O-O 13. Bxh4 Nd4 14. Bg3 Nd7 15. Nxe5 Nxe5 16. Rxe5 Qb6 17. Na4 Qa5 18. c3 Nc6 19. b4 Qa6 20. Nxc5 Bxc5 21. Rxc5 Rxd3 22. Qe2 Rhd8 23. Bf1 Rxg3+ 24. fxg3 Qb6 25.
Qf2 Kb8 26. Bg2 Ne7 27. a4 Qd6 28. Rb5 b6 29. a5 Bc4 30. Rg5 b5 31. Qf3 Bd5 32. Rxd5 Qxd5 33. Qxd5 Nxd5 34. Rd1 1-0

[Event "Late-Titled-Tuesday-Blitz-May-14-2024"]
[Site "Chess.com"]
[Date "2024.05.14"]
[Round "4"]
[White "ChessSwole"]
[Black "schondeln"]
[Result "1-0"]
[WhiteElo "2611"]
[BlackElo "2352"]
[TimeControl "180+1"]
[EndTime "14:39:21 PDT"]
[Termination "ChessSwole won on time"]

1. d4 d5 2. Nf3 Nf6 3. Bf4 Bf5 4. e3 c6 5. c4 e6 6. Nc3 Nbd7 7. Bd3 Bg6 8. O-O Be7 9. Rc1 O-O 10. h3 Re8 11. c5 Ne4 12. Qc2 Nxc3 13. bxc3 b6 14. Bxg6 hxg6 15.
cxb6 Nxb6 16. Ne5 c5 17. Rfd1 Rc8 18. Qe2 cxd4 19. cxd4 Bf6 20. Qa6 Bxe5 21. Bxe5 Qd7 22. Rc5 Rxc5 23. dxc5 Qa4 24. Qxa4 Nxa4 25. c6 Rc8 26. c7 Kf8 27. Rb1 Ke8 28. Rb7 a6 29. Bxg7 Kd7 30. Be5 Nc5 31. Rb6 Nd3 32. Bg3 e5 33.
Rb3 Nc1 34. Rb2 f6 35. Rb6 Ne2+ 36. Kh2 Nxg3 37. Kxg3 Rxc7 38. Rxf6 Rc2 39. Rxa6 d4 40. exd4 exd4 41. Rxg6 d3 42. Rg4 Ke6 43. Kf3 Rxa2 44.
Rd4 d2 45. g4 Ke5 46. Rd8 Ra3+ 47. Ke2 1-0

[Event "Late-Titled-Tuesday-Blitz-May-14-2024"]
[Site "Chess.com"]
[Date "2024.05.14"]
[Round "4"]
[White "WindWhistler11"]
[Black "Supergiuly"]
[Result "1-0"]
[WhiteElo "2519"]
[BlackElo "2335"]
[TimeControl "180+1"]
[EndTime "14:39:21 PDT"]
[Termination "WindWhistler11 won by resignation"]

1. Nf3 Nf6 2. c4 g6 3. g3 Bg7 4. Bg2 O-O 5. O-O d6 6. Nc3 c5 7. b3 Nc6 8. Bb2 Bf5 9. Nh4 Bd7 10. e3 Rc8 11. f4 e5 12. f5 Nb4 13. d3 Re8 14. Bxb7 Rc7 15. Bg2 Qc8 16. a3 Nc6 17. Nd5 Nxd5 18. cxd5 Na5 19. Bc3 Qa6 20. b4 Nb7 21.
fxg6 hxg6 22. Be4 cxb4 23. Bxb4 Qb6 24. Qf3 f5 25. Nxg6 fxe4 26. Qf7+ Kh7 27. Ne7 Qxe3+ 28.
Kh1 Rxe7 29. Qxe7 Bg4 30. Qh4+ Bh6 31. Qxg4 exd3 32. Qf5+ Kh8 33. Qf6+ Bg7 34. Qh4+ Kg8 35. Rae1 Qb6 36. Qg4 Nc5 37. Bxc5 Qxc5 38. Qe6+ Kh8 39. Re4 Bh6 40. Qxh6+ 1-0

[Event "Late-Titled-Tuesday-Blitz-May-14-2024"]
[Site "Chess.com"]
[Date "2024.05.14"]
[Round "4"]
[White "MarceloPlaya"]
[Black "crushernt"]
[Result "1-0"]
[WhiteElo "2329"]
[BlackElo "2055"]
[TimeControl "180+1"]
[EndTime "14:39:21 PDT"]
[Termination "MarceloPlaya won on time"]

1. e4 c5 2. Nf3 d6 3. d4 cxd4 4.
Nxd4 Nf6 5. Nc3 a6 6. Bg5 e6 7. f4 Be7 8. Qf3 Qc7 9. O-O-O Nbd7 10. g4 b5 11. Bxf6 Nxf6 12. g5 Nd7 13.
f5 O-O 14. h4 b4 15. Nce2 e5 16. f6 exd4 17. fxe7 Re8 18. Nxd4 Ne5 19. Qe2 Rxe7 20. h5 Bg4 21. Qd2 Bxd1 22. Qxd1 a5 23. Nf5 Rd7 24. h6 g6 25. Ne3 Qc5 26. Nd5 Rb7 27. Kb1 a4 28.
Rh3 b3 29. Rc3 bxa2+ 30. Kxa2 Qf2 31. Nf6+ Kh8 32. Qxd6 a3 33. Rxa3 Rab8 34. Qxe5 Rxb2+ 35. Qxb2 Rxb2+ 36. Kxb2 Qb6+ 37. Kc1 1-0

[Event "Late-Titled-Tuesday-Blitz-May-14-2024"]
[Site "Chess.com"]
[Date "2024.05.14"]
[Round "4"]
[White "vpsetter"]
[Black "Incognito_Knight"]
[Result "1-0"]
[WhiteElo "2540"]
[BlackElo "2719"]
[TimeControl "180+1"]
[EndTime "14:39:22 PDT"]
[Termination "vpsetter won on time"]

1. e4 c6 2. d4 d5 3. Nc3 dxe4 4. Nxe4 Nf6 5. Nxf6+ exf6 6. c3 Bd6 7. Bd3 Na6 8. Qe2+ Kf8 9. Bxa6 bxa6 10. Nf3 h5 11. Be3 g6 12. Nd2 Kg7 13. Ne4 Bc7 14. Nc5 a5 15.
Qc4 Bf5 16. O-O-O Bd6 17. d5 Bxc5 18. Qxc5 cxd5 19. Rxd5 Qe8 20. Qd4 Qe6 21. Re1 Kh7 22.
Bd2 Qc6 23. Rd6 Qxg2 24. Qxf6 Rhf8 25. c4 Qg4 26. Rd4 Qf3 27. Qg5 1-0

[Event "Late-Titled-Tuesday-Blitz-May-14-2024"]
[Site "Chess.com"]
[Date "2024.05.14"]
[Round "4"]
[White "geordie_derraugh"]
[Black "only_strong_moves"]
[Result "1-0"]
[WhiteElo "2469"]
[BlackElo "2667"]
[TimeControl "180+1"]
[EndTime "14:39:22 PDT"]
[Termination "geordie_derraugh won by checkmate"]

1. e4 e5 2. Bc4 Nf6 3. d3 Nc6 4. Nc3 Bc5 5. f4 d6 6. Nf3 Ng4 7. Ng5 O-O 8. f5 Bf2+ 9. Kf1 Ne3+ 10. Bxe3 Bxe3 11. Nf3 Nd4 12. Nd5 Bh6 13. Nxd4 exd4 14. Qf3 c6 15. Nf4 Qg5 16. g3 g6 17. h4 Qf6 18. g4 Bxf4 19. Qxf4 d5 20. Bb3 Re8 21. Re1 Bd7 22. e5 Qe7 23. Qxd4 gxf5 24. g5 Be6 25. Qf4 c5 26. c3 d4 27. c4 a6 28. h5 b5 29. g6 fxg6 30. hxg6 hxg6 31. Re2 bxc4 32. Reh2 Qg7 33. Rh8+ Kf7 34. R8h7 cxb3 35. Rxg7+ Kxg7 36. Qh6+ Kf7 37. Qh7+ Kf8 38. Qh8+ Ke7 39. Qf6+ Kd7 40. Rh7+ Kc6 41. axb3 Rab8 42. Re7 Rxe7 43. Qxe7 Bxb3 44. Qd6+ Kb7 45. Qxc5 Bg8 46. Qxd4 Rc8 47. b4 Be6 48. Qd6 Rc6 49. Qe7+ Kb6 50. d4 Bd5 51. Qd8+ Kb5 52. Qxd5+ Kb6 53. e6 Rxe6 54. Qxe6+ Kb5 55. Qxg6 Kxb4 56.
Qxf5 Kc4 57. Qc5+ Kd3 58. d5 Ke4 59. d6 a5 60. d7 a4 61. d8=Q a3 62. Qdd4+ Kf3 63.
Qcc3# 1-0

[Event "Late-Titled-Tuesday-Blitz-May-14-2024"]
[Site "Chess.com"]
[Date "2024.05.14"]
[Round "4"]
[White "Atanejhad"]
[Black "Bryanl106"]
[Result "1-0"]
[WhiteElo "2486"]
[BlackElo "2683"]
[TimeControl "180+1"]
[EndTime "14:39:24 PDT"]
[Termination "Atanejhad won by resignation"]

1. d4 Nf6 2. c4 g6 3. Nc3 c5 4.
d5 Bg7 5. e4 d6 6. Nf3 O-O 7. h3 e6 8. Bd3 Na6 9. O-O Nc7 10. Bg5 h6 11. Be3 exd5 12. exd5 b5 13. cxb5 Ncxd5 14. Bd2 Bb7 15. Qc1 Nb4 16. Be2 Kh7 17.
a3 Nbd5 18. Re1 Qd7 19. Qc2 Rfe8 20. Rad1 Qc7 21. Bd3 Nb6 22. Nh4 d5 23. Bxg6+ fxg6 24. Qxg6+ Kg8 25. Nf5 Ne4 26. Nxe4 Rxe4 27. Bxh6 Qf7 28.
Qxf7+ Kxf7 29. Rxe4 dxe4 30. Bxg7 Ke6 31. g4 Nc4 32.
Kh2 Bd5 33. a4 Nb6 34. a5 Nc4 35. Bc3 Rb8 36. Ng7+ Kd6 37. Nf5+ Ke6 38. Ng7+ Kd6 39. Nh5 Rf8 40. Nf6 Ke6 41. Nxd5 Rxf2+ 42. Kg3 Rf3+ 43.
Kh4 e3 44. Nc7+ Ke7 45. b6 axb6 46. a6 e2 47. Re1 Kd7 48. a7 1-0

[Event "Late-Titled-Tuesday-Blitz-May-14-2024"]
[Site "Chess.com"]
[Date "2024.05.14"]
[Round "4"]
[White "djano"]
[Black "el_sporco"]
[Result "1-0"]
[WhiteElo "2537"]
[BlackElo "2361"]
[TimeControl "180+1"]
[EndTime "14:39:25 PDT"]
[Termination "djano won by checkmate"]

1. Nf3 d5 2. e3 c5 3. c4 Nf6 4. cxd5 Nxd5 5. Nc3 Nc6 6. Qc2 g6 7. Nxd5 Qxd5 8. Bc4 Qh5 9. Qc3 e5 10. Bb5 Bd6 11. b3 O-O 12. Bb2 Nb4 13. a3 Nd5 14.
Qc2 Nc7 15. Be2 Bf5 16. Qc3 Nd5 17. Qc4 Nb6 18. Qc1 Bg4 19. d3 f6 20. h3 Rac8 21. Qd2 Bxf3 22. Bxf3 Qh6 23. O-O Rc7 24. Rac1 Qg7 25. Rfd1 Qe7 26. d4 cxd4 27. exd4 e4 28. Re1 f5 29. d5 Be5 30. Rxc7 Qxc7 31. Rc1 Qd6 32. Be2 Bxb2 33. Qxb2 Qxd5 34. Rd1 Qf7 35.
Qe5 Re8 36. Qb5 Qe7 37. a4 Rd8 38. Rc1 Rc8 39. Rd1 Rd8 40. a5 Rxd1+ 41. Bxd1 Nc8 42. Be2 Nd6 43. Qd5+ Kg7 44. Qd4+ Kh6 45. Qxa7 f4 46. a6 e3 47. fxe3 fxe3 48. axb7 Nxb7 49. Bf3 e2 50. Bxe2 Qxe2 51. Qxb7 Qe1+ 52. Kh2 Qe5+ 53. g3 Qe2+ 54. Qg2 Qe3 55. Qb2 Kg5 56. b4 h5 57. h4+ Kg4 58. Qg2 Qb3 59.
Qe4# 1-0

[Event "Late-Titled-Tuesday-Blitz-May-14-2024"]
[Site "Chess.com"]
[Date "2024.05.14"]
[Round "4"]
[White "jeetjain"]
[Black "Rodalquilar"]
[Result "0-1"]
[WhiteElo "2576"]
[BlackElo "2857"]
[TimeControl "180+1"]
[EndTime "14:39:27 PDT"]
[Termination "Rodalquilar won by resignation"]

1. Nf3 d5 2. b3 Bf5 3. Bb2 e6 4. e3 Nf6 5. c4 c6 6. d4 Nbd7 7. Bd3 Bb4+ 8. Nc3 Qa5 9. Kd2 Bxd3 10. Kxd3 Ne4 11. Qc2 dxc4+ 12. bxc4 Bxc3 13. Bxc3 Qf5 14.
Ke2 Ng3+ 15. Kd2 Qxc2+ 16. Kxc2 Nxh1 17. Rxh1 O-O-O 18. h4 h6 19. h5 Rhe8 20. c5 Nf6 21.
Ne5 Re7 22. a4 Nd5 23. Bd2 f6 24. Nc4 Red7 25. g4 b5 26. axb5 cxb5 27. Na5 Ne7 28. Rb1 a6 29. Bc3 Kc7 30. Nb3 Nc6 31. Na5 e5 32.
Nb3 exd4 33. exd4 Nxd4+ 34. Nxd4 Rxd4 35. Bxd4 Rxd4 36. f3 Rc4+ 37. Kb3 Rxc5 38. Re1 Rd5 39.
Re7+ Rd7 40. Re6 a5 41. Ka3 Kb7 42. Kb3 Rc7 43. Kb2 a4 44. Ka3 Rc3+ 45. Kb2 Rxf3 46.
Re7+ Kb6 47. Rxg7 b4 48. Rg6 Rf2+ 49. Kc1 a3 50. g5 a2 0-1

[Event "Late-Titled-Tuesday-Blitz-May-14-2024"]
[Site "Chess.com"]
[Date "2024.05.14"]
[Round "4"]
[White "David_ATM"]
[Black "Masterisback04"]
[Result "1-0"]
[WhiteElo "2451"]
[BlackElo "2021"]
[TimeControl "180+1"]
[EndTime "14:39:27 PDT"]
[Termination "David_ATM won on time"]

1. e4 c5 2. c3 g6 3. d4 Bg7 4. Nf3 cxd4 5. cxd4 d5 6. e5 Nc6 7. Nc3 Nh6 8. Bxh6 Bxh6 9. h4 Bg4 10. Be2 e6 11. Ng1 Bxe2 12. Ngxe2 Qb6 13. Qb3 Qxb3 14. axb3 Nb4 15. O-O a6 16. f4 Kd7 17. Na4 Ke7 18. Nb6 Rab8 19. Rac1 Nc6 20. g3 Rhd8 21. Kf2 Ke8 22. Ke3 Bf8 23. Nc3 Na5 24. Nca4 Nxb3 25.
Rc7 Be7 26. h5 g5 27. fxg5 Bxg5+ 28. Kd3 Be7 29. g4 Na5 30. Nc5 Nc6 31. Nxb7 Nb4+ 32. Kd2 a5 33. Nxd8 Kxd8 34. Ra7 Bg5+ 35. Kd1 Rxb6 36. Rfxf7 1-0

[Event "Late-Titled-Tuesday-Blitz-May-14-2024"]
[Site "Chess.com"]
[Date "2024.05.14"]
[Round "4"]
[White "Zhigalko_Sergei"]
[Black "Veleamater"]
[Result "1-0"]
[WhiteElo "2829"]
[BlackElo "2441"]
[TimeControl "180+1"]
[EndTime "14:39:28 PDT"]
[Termination "Zhigalko_Sergei won by checkmate"]

1. e4 e5 2. Nf3 Nc6 3. Bc4 Nf6 4. d3 Be7 5. O-O O-O 6. Nbd2 d6 7. c3 Be6 8. Re1 Nd7 9. d4 exd4 10. cxd4 Bg4 11. h3 Bh5 12. Nb3 Bf6 13. Be3 Re8 14. g4 Bg6 15. g5 Be7 16. Nbd2 Bh5 17. Qc2 Nb6 18. Bb5 d5 19. e5 Nb4 20. Qb3 c6 21.
Bf1 Bg6 22. Rac1 Qd7 23. Nh4 f6 24. gxf6 gxf6 25. Nxg6 hxg6 26. exf6 Bxf6 27. Qxb4 Qf5 28. Bg2 Kg7 29. Qb3 Rh8 30. Nf1 Bh4 31. Ng3 Bxg3 32.
fxg3 Rxh3 33. Bf4 Rah8 34. Be5+ Kg8 35. Bxh8 Rxh8 36. Qf3 Qd7 37. b3 Kg7 38. Rf1 Rh5 39. Qf6+ Kh6 40. Rce1 Rf5 41. Rxf5 Qxf5 42. Qh8+ Kg5 43.
Qh4# 1-0

[Event "Late-Titled-Tuesday-Blitz-May-14-2024"]
[Site "Chess.com"]
[Date "2024.05.14"]
[Round "4"]
[White "Mikhail_Golubev"]
[Black "alexrustemov"]
[Result "0-1"]
[WhiteElo "2604"]
[BlackElo "2918"]
[TimeControl "180+1"]
[EndTime "14:39:29 PDT"]
[Termination "alexrustemov won on time"]

1. e4 e6 2. d4 d5 3. e5 c5 4. c3 Qb6 5. Nf3 Bd7 6. Bd3 Bb5 7. dxc5 Bxc5 8. O-O Bxd3 9. Qxd3 Qa6 10. Qd1 Ne7 11. b4 Bb6 12. a4 Qc4 13. a5 Bc7 14. Na3 Qc6 15. Be3 Ng6 16. b5 Qd7 17. b6 Bxe5 18. Nxe5 Nxe5 19. bxa7 Nbc6 20. Bc5 Nxa7 21. f4 Nc4 22.
Nxc4 dxc4 23. Qf3 Qc6 24. Qe3 Nb5 25. Rfd1 Nxc3 26. Rd6 Nd5 27. Qd4 Qb5 28. Rxd5 exd5 29. Re1+ Kd8 30. Bb6+ Kc8 31. Re7 Rxa5 32. Qe5 Qxb6+ 0-1

[Event "Late-Titled-Tuesday-Blitz-May-14-2024"]
[Site "Chess.com"]
[Date "2024.05.14"]
[Round "4"]
[White "Love7Unicorn"]
[Black "OIAM03"]
[Result "1-0"]
[WhiteElo "2507"]
[BlackElo "1969"]
[TimeControl "180+1"]
[EndTime "14:39:29 PDT"]
[Termination "Love7Unicorn won by checkmate"]

1. d4 Nf6 2. c4 g6 3. Nc3 d5 4.
Nf3 Bg7 5. h4 h5 6. Bg5 dxc4 7.
e4 c6 8. Bxc4 b5 9. Bd3 Bg4 10.
Ne2 Bxf3 11. gxf3 Nbd7 12. a4 a6 13. Be3 O-O 14. Rg1 Nb6 15. b3 Nfd7 16. a5 Nc8 17. f4 c5 18. e5 cxd4 19. Nxd4 e6 20. Be4 Ne7 21. Bxa8 Qxa8 22. Nxe6 Nxe5 23. fxe5 fxe6 24. Qd7 Nf5 25. Qxe6+ Kh8 26. Qxg6 Qe4 27. Rd1 Qb4+ 28. Rd2 Qxb3 29. Qxh5+ Kg8 30. Qd1 Qxd1+ 31. Kxd1 Nxe3+ 32. fxe3 Re8 33. Rd7 Rxe5 34. Rgxg7+ Kf8 35. Rdf7+ Ke8 36. Ra7 Rd5+ 37. Ke2 Rd8 38. Rg8# 1-0

[Event "Late-Titled-Tuesday-Blitz-May-14-2024"]
[Site "Chess.com"]
[Date "2024.05.14"]
[Round "4"]
[White "KNVB"]
[Black "GMBenjaminBok"]
[Result "0-1"]
[WhiteElo "2821"]
[BlackElo "3035"]
[TimeControl "180+1"]
[EndTime "14:39:30 PDT"]
[Termination "GMBenjaminBok won by resignation"]

1. d4 Nf6 2. c4 e6 3. Nc3 Bb4 4. Qc2 d5 5. cxd5 exd5 6. Bg5 h6 7.
Bxf6 Qxf6 8. e3 O-O 9. a3 Bxc3+ 10. Qxc3 c6 11. Nf3 Bf5 12. Be2 Nd7 13. O-O a5 14. b4 axb4 15. axb4 Qd6 16. Ra5 Bg4 17.
Rfa1 Rxa5 18. Rxa5 Nf6 19. h3 Ne4 20. Qb2 Bh5 21. Ra3 Re8 22. Ne5 Bxe2 23. Qxe2 Qxb4 24.
Ra1 Qd6 25. Qc2 c5 26. Nd3 c4 27. Nf4 b5 28. Ra7 b4 29. Qa4 Rd8 30. Ra6 Qf8 31. Qc6 Rd6 32. Qb7 Rxa6 33. Qxa6 Nf6 34. Qb7 b3 35. Ne2 g6 36. Nc3 Qa3 37. Qb8+ Kg7 38.
Nb5 Qb4 39. g4 b2 40. h4 b1=Q+ 41. Kg2 Qe4+ 0-1

[Event "Late-Titled-Tuesday-Blitz-May-14-2024"]
[Site "Chess.com"]
[Date "2024.05.14"]
[Round "4"]
[White "tarno17"]
[Black "nabukatnezarr"]
[Result "0-1"]
[WhiteElo "2223"]
[BlackElo "2628"]
[TimeControl "180+1"]
[EndTime "14:39:30 PDT"]
[Termination "nabukatnezarr won on time"]

1. e4 c6 2. d4 d5 3. Nc3 dxe4 4. Nxe4 Nf6 5. Ng5 h6 6. Nxf7 Kxf7 7. Nf3 Be6 8. Ne5+ Kg8 9. Bd3 c5 10. c3 cxd4 11.
cxd4 Nc6 12. O-O Bd5 13. Bg6 Nd7 14. f4 Qc7 15. Qg4 Nf6 16. Qg3 Nxd4 17. Kh1 h5 18.
Be3 h4 19. Qf2 Nc6 20. Kg1 Rh6 21. h3 Nxe5 22. fxe5 Rxg6 23. exf6 Rxg2+ 24. Qxg2 Bxg2 25. f7+ Kh8 26. Kxg2 Qc6+ 27. Rf3 e6 28. Rf1 Bd6 29. Rf2 Rf8 30. Kg1 Bg3 31. Rf4 Bxf2+ 32. Kxf2 g5 33.
Rf6 Kg7 34. Bxg5 Qc5+ 0-1

[Event "Late-Titled-Tuesday-Blitz-May-14-2024"]
[Site "Chess.com"]
[Date "2024.05.14"]
[Round "4"]
[White "KuzubovYuriy"]
[Black "Revan_2002"]
[Result "1-0"]
[WhiteElo "2935"]
[BlackElo "2762"]
[TimeControl "180+1"]
[EndTime "14:39:31 PDT"]
[Termination "KuzubovYuriy won by resignation"]

1. d4 Nf6 2. Nf3 g6 3. Nbd2 Bg7 4.
e4 d6 5. Bd3 O-O 6. O-O Nbd7 7.
Re1 e5 8. c3 Re8 9. Nf1 b6 10.
Ng3 Bb7 11. h3 a5 12. a4 c6 13. Be3 Qc7 14. Qd2 Ba6 15. Bc2 Rad8 16. Rad1 d5 17. Bg5 dxe4 18. Nxe4 Nxe4 19. Bxe4 f6 20. Bh4 Nc5 21.
Qc2 Nxe4 22. Rxe4 Qd7 23. Rde1 Bc4 24. dxe5 Bd5 25. R4e3 Qf7 26. Bxf6 Bxf6 27. exf6 Rxe3 28. Rxe3 Qxf6 29. Qe2 Rf8 30. c4 Bf7 31. b3 Rd8 32.
Ne5 c5 33. Rf3 Qe6 34. Rxf7 Re8 35. Rb7 Qxe5 36. Qxe5 Rxe5 37. Rxb6 Re1+ 38. Kh2 Re2 39. Kg3 Rc2 40. Rb5 Kf7 41. f3 Rc3 42. Rxc5 Rxb3 43.
Rxa5 Rb4 44. Ra7+ Kf6 45. Rxh7 Rxc4 46. Ra7 Kg5 47. a5 Ra4 48. Ra8 Kf5 49. a6 Kg5 50. a7 Ra3 51. h4+ 1-0

[Event "Late-Titled-Tuesday-Blitz-May-14-2024"]
[Site "Chess.com"]
[Date "2024.05.14"]
[Round "4"]
[White "Sinquefield"]
[Black "Alexander_Donchenko"]
[Result "0-1"]
[WhiteElo "2575"]
[BlackElo "2849"]
[TimeControl "180+1"]
[EndTime "14:39:31 PDT"]
[Termination "Alexander_Donchenko won by resignation"]

1. d4 Nf6 2. Nf3 e6 3. Bg5 h6 4. Bh4 b6 5. Nbd2 Bb7 6. e3 c5 7.
c3 Be7 8. Bd3 d5 9. O-O O-O 10.
Ne5 Nbd7 11. f4 Ne4 12. Bxe7 Qxe7 13. Ndf3 Nxe5 14. Nxe5 a5 15. Bxe4 dxe4 16. Qh5 Rfe8 17. g4 f6 18. Ng6 Qf7 19. f5 cxd4 20. cxd4 Rac8 21. Rac1 Ba6 22. Rfe1 Bd3 23. fxe6 Qxe6 24. Qf5 Qxf5 25. gxf5 Kf7 26. Kf2 Bb5 27. Kg3 Bc4 28.
b3 Bd3 29. Nf4 Red8 30. Red1 Ba6 31. Rg1 Bb5 32. Ne6 Rg8 33. Kf4 Bd7 34. Rxc8 Bxc8 35.
d5 g5+ 36. Kxe4 Ke7 37. Rc1 Bd7 38. Rc7 Rb8 39. Ra7 Kd6 40. a4 h5 41. Kd4 h4 42. e4 Rh8 43. Rb7 g4 44. Rxb6+ Ke7 45. Nf4 g3 46. hxg3 h3 47. Ng6+ Kd8 48. Rb8+ Bc8 49.
Nxh8 h2 50. Nf7+ Kc7 51. Rb5 h1=Q 52. Rc5+ Kb8 53. Rc4 Qg1+ 54. Kd3 Ba6 55. Nd6 Qxg3+ 56. Kd4 Qxd6 57. Rc6 Qb4+ 0-1

[Event "Late-Titled-Tuesday-Blitz-May-14-2024"]
[Site "Chess.com"]
[Date "2024.05.14"]
[Round "4"]
[White "sergiochess83"]
[Black "SHIVACalypso"]
[Result "1-0"]
[WhiteElo "2848"]
[BlackElo "2542"]
[TimeControl "180+1"]
[EndTime "14:39:31 PDT"]
[Termination "sergiochess83 won by resignation"]

1. e4 e6 2. d4 d5 3. Nd2 e5 4. dxe5 dxe4 5. Nxe4 Qxd1+ 6. Kxd1 Nc6 7. Nf3 Bg4 8. Bb5 O-O-O+ 9. Ke1 Nxe5 10. Be2 Nxf3+ 11. gxf3 Bf5 12. Be3 Kb8 13. Rd1 Rxd1+ 14. Kxd1 Be7 15. Rg1 Nf6 16. Rxg7 Nxe4 17. Rxf7 Rd8+ 18. Kc1 Nc3 19. bxc3 Ba3+ 20. Kb1 Bg6 21. Rg7 Re8 22. Bd3 b6 23. Bxg6 hxg6 24. Rxg6 Rf8 25. f4 Bd6 26. Rg4 Rh8 27.
h4 Be7 28. f5 Bxh4 29. Bd4 Rh7 30. f6 Kb7 31. Kb2 c5 32. Rg7+ Rxg7 33. fxg7 cxd4 34. g8=Q dxc3+ 35. Kb3 Bxf2 36. Qg2+ 1-0

[Event "Late-Titled-Tuesday-Blitz-May-14-2024"]
[Site "Chess.com"]
[Date "2024.05.14"]
[Round "4"]
[White "Hamisandwich"]
[Black "FaustinoOro"]
[Result "1-0"]
[WhiteElo "2754"]
[BlackElo "2916"]
[TimeControl "180+1"]
[EndTime "14:39:32 PDT"]
[Termination "Hamisandwich won by resignation"]

1. b3 Nf6 2. Nf3 d5 3. g3 Bf5 4. Ba3 h6 5. Bg2 Nbd7 6. c4 c6 7. O-O e6 8. Bxf8 Nxf8 9. d3 N8d7 10. Nc3 O-O 11. cxd5 cxd5 12. b4 Rc8 13. Qb3 Qb6 14. Na4 Qd6 15. Nd4 Bg6 16. Nb5 Qb8 17. Rac1 a6 18.
Nd4 Qd6 19. b5 e5 20. Nf3 a5 21. b6 Rc6 22. Qb5 Rfc8 23. Rxc6 Rxc6 24. Qxa5 Bh5 25. Qa8+ Kh7 26. Qxb7 Bxf3 27. Bxf3 e4 28. Bg2 Nxb6 29.
Nxb6 Rxb6 30. Qxf7 Rb2 31. dxe4 dxe4 32. e3 Qd3 33.
Qe6 Rc2 34. h3 Rc4 35. g4 Qe2 36. Qf5+ Kh8 37. g5 hxg5 38. Qxg5 Ra4 39. Rc1 Ra8 40.
Rc7 Qe1+ 41. Kh2 Rg8 42. Qh4+ Nh7 43. Bxe4 1-0

[Event "Late-Titled-Tuesday-Blitz-May-14-2024"]
[Site "Chess.com"]
[Date "2024.05.14"]
[Round "4"]
[White "The_Straightforward_Rook"]
[Black "Felix-Rose"]
[Result "1/2-1/2"]
[WhiteElo "2492"]
[BlackElo "2289"]
[TimeControl "180+1"]
[EndTime "14:39:32 PDT"]
[Termination "Game drawn by repetition"]

1. d4 d5 2. Nf3 Nf6 3. c4 e6 4.
Nc3 Be7 5. g4 c5 6. Qc2 cxd4 7.
Nxd4 dxc4 8. g5 Qxd4 9. gxf6 Bxf6 10. Be3 Qd8 11. Bc5 Qa5 12. Ba3 Bxc3+ 13. Qxc3 Qxc3+ 14. bxc3 Bd7 15. Rg1 g6 16. e3 b5 17. Rb1 a6 18. Bd6 Nc6 19. a4 Na5 20. Bg2 Rc8 21. axb5 axb5 22. Bb4 Nb3 23. Rd1 Nc5 24. Ke2 Nd3 25. Ra1 Nxb4 26. cxb4 O-O 27. Ra7 Rfd8 28. Rd1 Be8 29. Rb7 Rxd1 30. Kxd1 Kg7 31. f4 Kf6 32. Be4 h6 33. h4 Rd8+ 34. Kc2 Rd6 35. Kc3 Bd7 36.
Rb8 e5 37. Rh8 exf4 38. exf4 Re6 39. Kd4 Rd6+ 40. Kc3 h5 41. Rd8 Ke7 42. Rb8 Rd1 43. Rb7 Kd6 44. Rb6+ Ke7 45. Rb7 Ke6 46. Rb6+ Rd6 47.
Rb7 Rd1 48. Rb6+ Ke7 49. Rb7 1/2-1/2

[Event "Late-Titled-Tuesday-Blitz-May-14-2024"]
[Site "Chess.com"]
[Date "2024.05.14"]
[Round "4"]
[White "marvinguevara"]
[Black "Christian-Toth"]
[Result "0-1"]
[WhiteElo "2194"]
[BlackElo "2379"]
[TimeControl "180+1"]
[EndTime "14:39:32 PDT"]
[Termination "Christian-Toth won by resignation"]

1. e4 e5 2. Nf3 Nf6 3. Bc4 Nxe4 4. d3 Nf6 5. Nxe5 d5 6. Bb3 Bd6 7. d4 O-O 8. O-O c5 9. c3 Nc6 10. Nxc6 bxc6 11. Bc2 Bg4 12. Qd3 Bh5 13. Qa6 Qb6 14. Qa4 Rfe8 15. Nd2 Re6 16. Nb3 Be2 17. dxc5 Bxc5 18.
Nxc5 Qxc5 19. Be3 Rxe3 20. fxe3 Qxe3+ 21. Rf2 Ng4 22. Qf4 Qxf2+ 23. Qxf2 Nxf2 24. Kxf2 Bg4 25. Re1 Be6 26. Ke3 Kf8 27. Kd4 Ke7 28. Kc5 Kd7 29.
a4 Kc7 30. b4 a5 31. b5 cxb5 32. axb5 Kb7 33. Bb3 Rc8+ 34. Kd4 Kb6 35. Rb1 Rc5 36. Bc2 Rxb5 37. Re1 h6 38. Re3 Rb2 39. Re2 a4 40.
Ke3 a3 41. Kd2 a2 42. Re1 Bf5 43. Ke3 Rxc2 0-1